 Dungeon Crawl Stone Soup version 0.29.1-15-g9cfb28693d (webtiles) character file.

Game seed: 1241198545156151549

14103 raph the Unseen (level 12, -10/72 HPs)
             Began as a Kobold Brigand on Apr 26, 2023.
             Was an Initiate of Gozag.
             Mangled by a redback (21 damage)
             ... in a Gauntlet.
             The game lasted 00:26:17 (16909 turns).

raph the Unseen (Kobold Brigand)                   Turns: 16909, Time: 00:26:18

Health: -10/72     AC:  9    Str:  7    XL:     12   Next: 41%
Magic:  16/16      EV: 23    Int: 13    God:    Gozag
Gold:   1484       SH:  0    Dex: 20    Spells: 15/17 levels left

rFire   + . .      SeeInvis .   a - +2 dagger (venom)
rCold   . . .      Faith    .   (no shield)
rNeg    + . .      Spirit   .   E - +1 leather armour of the Unbroken {rElec rN+ rCorr Str-2}
rPois   +          Reflect  .   x - +0 helmet
rElec   +          Harm     .   c - +0 cloak
rCorr   +          Rampage  .   s - +1 pair of gloves
Will    .....      NoTele   +   y - +0 pair of boots of Carved Beauty {rElec rPois rF+ Slay+2}
Stlth   ++++++++..              v - amulet of the acrobat
HPRegen 0.22/turn               m - +4 ring of evasion
MPRegen 0.15/turn               u - ring of wizardry

@: gold aura, studying Short Blades
A: small, no large weapons, nightstalker 3
a: Renounce Religion, Potion Petition, Call Merchant, Bribe Branch


You were in a Gauntlet.
You worshipped Gozag.
Gozag was most pleased with you.
You visited 3 branches of the dungeon, and saw 13 of its levels.
You also visited: Sewer and Gauntlet.

You collected 1773 gold pieces.
You spent 189 gold pieces at shops.
You paid 100 gold pieces to Gozag.

Inventory:

Hand Weapons
 a - a +2 dagger of venom (weapon)
 b - a +0 dagger of electrocution
 B - a +3 dagger
 I - a +2 dagger
 K - a +2 dagger of speed
Missiles
 d - 51 poisoned darts (quivered)
 e - 4 curare-tipped darts
 N - 6 boomerangs
Armour
 c - a +0 cloak (worn)
 i - a +0 robe
 l - a +0 robe of willpower
 s - a +1 pair of gloves (worn)
 x - a +0 helmet (worn)
 y - the +0 pair of boots of Carved Beauty (worn) {rElec rPois rF+ Slay+2}
   (You acquired it on level 5 of the Dungeon)

   Slay:      It affects your accuracy & damage with ranged weapons and melee
   (+2).
   rF:        It protects you from fire.
   rElec:     It insulates you from electricity.
   rPois:     It protects you from poison.
 E - the +1 leather armour of the Unbroken (worn) {rElec rN+ rCorr Str-2}
   (You bought it in a shop on level 9 of the Dungeon)

   Str:       It affects your strength (-2).
   rElec:     It insulates you from electricity.
   rN:        It protects you from negative energy.
   rCorr:     It protects you from acid and corrosion.
Jewellery
 f - an amulet of guardian spirit
 g - a ring of see invisible
 j - a ring of protection from cold
 m - a +4 ring of evasion (left hand)
 t - a +6 ring of intelligence
 u - a ring of wizardry (right hand)
 v - an amulet of the acrobat (around neck)
 C - an amulet of faith
 H - a ring of flight
Wands
 n - a wand of paralysis (6)
 D - a wand of mindburst (13)
 J - a wand of roots (10)
 L - a wand of flame (7)
Scrolls
 z - a scroll of fear
 A - a scroll of teleportation
 M - a scroll of butterflies
 O - a scroll of brand weapon {unknown}
Potions
 h - 5 potions of lignification
 k - 2 potions of resistance
 o - 2 potions of attraction
 p - a potion of brilliance
 q - a potion of cancellation
 r - a potion of curing
 w - 2 potions of might {unknown}
 F - a potion of mutation {unknown}
 G - a potion of flight


   Skills:
 + Level 7.4 Fighting
 + Level 14.8 Short Blades
 - Level 5.0 Throwing
 + Level 7.7 Dodging
 * Level 16.8 Stealth
 - Level 3.1 Spellcasting
 + Level 4.6 Hexes
 + Level 4.3 Evocations


You had 15 spell levels left.
You knew the following spells:

 Your Spells              Type           Power      Damage    Failure   Level
a - Ensorcelled Hibernat  Hex/Ice        16%        N/A       9%          2

Your spell library contained the following spells:

 Spells                   Type           Power      Damage    Failure   Level
 Spider Form              Tmut/Pois      2%         N/A       38%         3
 Anguish                  Hex/Necr       4%         N/A       45%         4
 Haunt                    Necr/Summ      1%         N/A       100%        7
 Infestation              Necr           1%         N/A       100%        8
 Animate Dead             Necr           Unusable   N/A       N/A         4

Dungeon Overview and Level Annotations

Branches:
Dungeon (9/15)             Temple (1/1) D:6            Lair (4/5) D:9
  Sewer (visited)         Gauntlet (1/1)
  Swamp: Lair:2-3    Shoals: Lair:2-3     Snake: Lair:2-3    Spider: Lair:2-3
  Slime: Lair:4-5       Orc: D:9-12

Altars:
Ashenzari
Cheibriados
Dithmenos
Elyvilon
Fedhas
Gozag
Hepliaklqana
Kikubaaqudgha
Makhleb
Nemelex Xobeh
Okawaru
Qazlal
Ru
Sif Muna
Uskayaw
Vehumet
Wu Jian
Xom
Yredelemnul
Zin
The Shining One

Shops:
D:9 [

Annotations:
Gauntlet 9 transporters, 5 runed translucent doors


Innate Abilities, Weirdness & Mutations

You are small and have problems with some larger weapons.
You are completely attuned to the shadows.


Message History

The moth of wrath completely misses you.
You completely miss the moth of wrath.
The moth of wrath is almost dead.
The redback bites you but does no damage.
You puncture the moth of wrath!
The moth of wrath looks as sick as possible!
The moth of wrath is almost dead.
You kill the moth of wrath!
The redback closely misses you. The redback bites you.
You hit the redback.
The redback is poisoned.
The redback is lightly wounded.
The redback completely misses you.
You hit the redback.
The redback looks even sicker.
The redback is moderately wounded.
The redback bites you!
* * * LOW HITPOINT WARNING * * *
You are lethally poisoned!
The redback poisons you!
You feel better. The redback closely misses you. The redback misses you.
The redback attacks as you move away! The redback bites you!
* * * LOW HITPOINT WARNING * * *
The redback bites you but does no damage.
You see here 6 gold pieces.
You feel better. The redback closely misses you. The redback bites you.
* * * LOW HITPOINT WARNING * * *
The redback completely misses you. The redback misses you.
The redback attacks as you move away! The redback bites you!
* * * LOW HITPOINT WARNING * * *
The redback completely misses you.
Okay, then.
As you read the scroll of fear, it crumbles to dust.
You assume a fearsome visage.
The redback looks frightened!
The redback is unaffected.
The redback bites you but does no damage.
The redback barely misses you.
You feel better.
The redback bites you but does no damage.
The redback bites you!!
You die...
Your body crumbles into a pile of gold.

##########...♣P..#############.♣P
...©....©#.......#©....©....©#...
#############.###################
..#.#..#©...#.#.......#.#W......#
#.#.#s.#.##.#.#s......#.#.#####.#
#.#.#..# ##.#.#.#####.#.#.+...+.#
..#.#..# ...#.#s$s©...#.#.#. .#.#
#Z#.#.s+++###.#s#####.#.#.#≈≈≈#.#
#.#.#.s#.#.=#.#.@....y#.#.#####.#
$!#.#..#©#/(#.#.?.©[[.#.#W.$©=!.#
###.#########.#########.#########
.................................
...♣..P♣P..........♣...♣P..♣P..♣P
........P....∩...................
≈≈#≈≈≈#..♣.......♣..#≈≈≈#≈≈≈#≈≈≈#
≈###≈###...........###≈###≈###≈##
## ### ############# ### ### ###


You could see 3 redbacks.

Vanquished Creatures
  2 death yaks (D:9)
  A necromancer (Gauntlet)
  A moth of wrath (Gauntlet)
  Joseph (D:8)
  2 elephants (Lair:1)
  3 cane toads
  A kobold demonologist (D:9)
  A komodo dragon (Lair:1)
  A troll (D:5)
  A hornet (D:7)
  5 blink frogs
  A raiju (Gauntlet)
  A vampire (D:8)
  3 wyverns
  A redback (Gauntlet)
  10 yaks
  Menkaure (D:5)
  2 steam dragons
  An acid dragon (D:9)
  4 water moccasins
  2 sky beasts (D:7)
  Pargi (Sewer)
  4 orc warriors
  An ice beast (D:6)
  A black bear (Lair:2)
  11 wolves
  An ogre (D:5)
  A centaur (D:6)
  3 phantoms
  5 kobold brigands
  3 bullfrogs
  5 scorpions
  2 necrophages (D:6)
  2 wyvern zombies (D:6)
  A gnoll sergeant (D:8)
  A water moccasin zombie (D:6)
  13 wights
  8 howler monkeys
  A bullfrog zombie (D:6)
  6 crimson imps (D:7)
  A human zombie (D:6)
  2 orc priests
  4 hounds
  3 iguanas
  4 orc wizards
  2 mummies (D:6)
  A howler monkey zombie (D:6)
  3 gnolls (D:8)
  9 adders
  A river rat (D:6)
  3 shadow imps
  2 white imps (D:7)
  An ufetubus (D:4)
  2 worms
  3 dart slugs
  37 orcs
  4 bats
  8 endoplasms
  3 giant cockroaches (D:6)
  4 goblins
  10 hobgoblins
  34 kobolds
  4 quokkas
  6 ball pythons
  3 frilled lizards (D:2)
  24 rats
  A butterfly (D:6)
294 creatures vanquished.

Vanquished Creatures (others)
  5 fungi (Lair:2)
  6 plants
11 creatures vanquished.

Grand Total: 305 creatures vanquished

Notes
Turn   | Place    | Note
-------+----------+-------------------------------------------
     0 | D:1      | raph the Kobold Brigand began the quest for the Orb.
     0 | D:1      | Reached XP level 1. HP: 12/12 MP: 1/1
   529 | D:1      | Reached XP level 2. HP: 17/17 MP: 2/2
  1075 | D:1      | Reached XP level 3. HP: 14/21 MP: 3/3
  1211 | D:1      | Reached skill level 6 in Stealth
  1654 | D:2      | Found a blossoming altar of Fedhas.
  1723 | D:2      | Reached XP level 4. HP: 26/26 MP: 4/4
  2383 | D:2      | Identified the +1 mace of Muext {flame, rElec rPois Will++
                  | Str-4}
  2423 | D:3      | Found a faded altar of an unknown god.
  2426 | D:3      | Noticed a scorpion
  2431 | D:3      | Killed a scorpion
  2432 | D:3      | Reached skill level 5 in Short Blades
  2432 | D:3      | Reached skill level 7 in Stealth
  2432 | D:3      | Reached XP level 5. HP: 30/30 MP: 5/5
  3778 | D:4      | Reached XP level 6. HP: 35/35 MP: 6/6
  3905 | D:4      | Identified the +1 plate armour "Fematele" {+Blink rPois rC+
                  | Dex+3}
  4044 | D:4      | Found a radiant altar of Vehumet.
  4726 | D:4      | Reached skill level 8 in Stealth
  5025 | D:5      | Entered Level 5 of the Dungeon
  5124 | D:5      | Noticed an ogre
  5128 | D:5      | Killed an ogre
  5129 | D:5      | Reached XP level 7. HP: 40/40 MP: 7/7
  5188 | D:5      | Identified a scroll of acquirement
  5188 | D:5      | Acquired the +0 pair of boots of Carved Beauty {rElec rPois
                  | rF+ Slay+2}
  5206 | D:5      | Noticed Menkaure
  5210 | D:5      | Killed Menkaure
  5211 | D:5      | Reached skill level 9 in Stealth
  5217 | D:5      | Noticed a water moccasin
  5274 | D:5      | Noticed a yak
  5469 | D:5      | Reached XP level 8. HP: 38/44 MP: 8/8
  5523 | D:5      | Reached skill level 10 in Stealth
  5537 | D:5      | Killed a yak
  5553 | D:5      | Noticed a troll
  5620 | D:5      | Killed a troll
  5621 | D:5      | Reached skill level 11 in Stealth
  6258 | D:6      | Reached skill level 10 in Short Blades
  6258 | D:6      | Reached XP level 9. HP: 46/49 MP: 9/9
  6494 | D:6      | Reached skill level 12 in Stealth
  6616 | D:6      | Found a glowing drain.
  6658 | Sewer    | Entered a sewer
  6688 | Sewer    | Noticed Pargi
  6692 | Sewer    | Killed Pargi
  6997 | D:6      | Learned a level 2 spell: Ensorcelled Hibernation
  7107 | D:6      | Found a staircase to the Ecumenical Temple.
  7113 | Temple   | Entered the Ecumenical Temple
  7459 | Temple   | Became a worshipper of Gozag Ym Sagoz the Greedy
  7798 | D:6      | Found an ancient bone altar of Kikubaaqudgha.
  8030 | D:7      | Reached skill level 13 in Stealth
  8269 | D:7      | Reached XP level 10. HP: 55/56 MP: 10/10
  8909 | D:7      | Reached skill level 14 in Stealth
  9249 | D:8      | Reached skill level 5 in Dodging
  9280 | D:8      | Reached skill level 5 in Fighting
  9314 | D:8      | Found a shadowy altar of Dithmenos.
  9586 | D:8      | Reached skill level 5 in Throwing
  9660 | D:8      | Found a glowing silver altar of Zin.
  9660 | D:8      | Found a broken altar of Ashenzari.
 10238 | D:8      | Noticed Joseph
 10241 | D:8      | Killed Joseph
 10242 | D:8      | Reached skill level 1 in Spellcasting
 10242 | D:8      | Reached skill level 1 in Hexes
 10652 | D:9      | Noticed a kobold demonologist
 10653 | D:9      | Noticed an orange demon
 10662 | D:9      | Killed a kobold demonologist
 10841 | D:9      | Reached XP level 11. HP: 64/64 MP: 13/13
 11124 | D:9      | Found a staircase to the Lair.
 11125 | D:9      | Noticed a death yak
 11126 | D:9      | Noticed a death yak
 11228 | D:9      | HP: 1/64 [orc warrior/+0 halberd (11)]
 11238 | D:9      | Killed a death yak
 11239 | D:9      | Reached skill level 15 in Stealth
 11752 | D:9      | Noticed a death yak
 12377 | D:9      | Reached skill level 1 in Evocations
 12426 | D:9      | Killed a death yak
 13215 | D:9      | Found Qunocuc's Antique Armour Emporium.
 13250 | D:9      | Bought a dazzling leather armour for 189 gold pieces
 13250 | D:9      | Identified the +1 leather armour of the Unbroken {rElec rN+
                  | rCorr Str-2} (You bought it in a shop on level 9 of the
                  | Dungeon)
 13556 | Lair:1   | Entered Level 1 of the Lair of Beasts
 14455 | Lair:1   | Reached skill level 16 in Stealth
 14663 | Lair:1   | Noticed an elephant
 14663 | Lair:1   | Noticed an elephant
 14663 | Lair:1   | Noticed an elephant
 14667 | Lair:1   | Killed an elephant
 15207 | Lair:1   | Reached XP level 12. HP: 71/71 MP: 16/16
 16006 | Lair:2   | You fall into a shaft and drop 2 floors!
 16030 | Lair:4   | Found a gate leading to a gauntlet.
 16036 | Gauntlet | Entered a Gauntlet
 16036 | Gauntlet | Found a transporter.
 16050 | Gauntlet | Found a transporter.
 16063 | Gauntlet | Found a transporter.
 16081 | Gauntlet | Found a transporter.
 16090 | Gauntlet | Found a runed translucent gate.
 16093 | Gauntlet | Noticed an entropy weaver
 16098 | Gauntlet | Found a transporter.
 16106 | Gauntlet | Found a transporter.
 16106 | Gauntlet | Found a runed translucent gate.
 16107 | Gauntlet | Found a runed translucent gate.
 16125 | Gauntlet | Found a transporter.
 16136 | Gauntlet | Found a transporter.
 16148 | Gauntlet | Found a transporter.
 16162 | Gauntlet | Found a transporter.
 16173 | Gauntlet | Found a runed translucent door.
 16183 | Gauntlet | Found a transporter.
 16193 | Gauntlet | Found a runed translucent door.
 16212 | Gauntlet | Found a transporter.
 16231 | Gauntlet | Found a transporter.
 16738 | Gauntlet | Found a transporter.
 16907 | Gauntlet | HP: 2/72 [redback (9)]
 16909 | Gauntlet | Mangled by a redback

Illustrated notes

Levels and vault maps discovered:
D:1:      dpeg_arrival_lava_temple_mockup, layout_basic
D:2:      kennysheep_six_static_rooms, layout_basic, basic_altar
D:3:      layout_basic, nicolae_ecumenical_pavilion, minmay_rat_hole
D:4:      layout_cave_pods, mainiacjoe_overflow_cross_hatched
D:5:      layout_rooms, kennysheep_minor_cross, minmay_manual_moon,
          uniq_menkaure
D:6:      layout_loops_ring, lemuel_mausoleum_altar_kikubaaqudgha,
          minmay_temple_entry_butterflies, gup_sewer_entry_bubbles
D:7:      layout_gridville, minmay_nine_imps
D:8:      layout_basic, jmf_multi_god_temple, lemuel_tele_altar, uniq_joseph
D:9:      layout_loops_ring, dpeg_lair_monsters, serial_shops,
          nicolae_diamond_shop, special_room [special_room_orc],
          minmay_misc_feat_pillars
Temple:   minmay_temple_bridge_d
Lair:1:   layout_regular_city, minivault_25
Lair:2:   layout_cave_pods, palyth_hydra_swamp_entry, dummy_snake_entry,
          beast_lair_carwin_2, infiniplex_staircase_pool_2
Lair:4:   layout_gridlike, gauntlet_entry_generic, eino_house_with_fridge,
          uniq_kirke
Gauntlet: minmay_gauntlet_77_tree [minmay_gauntlet_arena_77_fan,
          minmay_gauntlet_arena_77_squiggly,
          minmay_gauntlet_arena_77_terracotta_army,
          minmay_gauntlet_arena_77_shame_cube,
          minmay_gauntlet_arena_77_chump_sandwich,
          minmay_gauntlet_arena_77_run_for_it, minmay_gauntlet_arena_77_braids,
          dreamdust_gauntlet_exit_labyrinth]

Skill      XL: |  1  2  3  4  5  6  7  8  9 10 11 12 |
---------------+-------------------------------------+-----
Short Blades   | 3 4 5 6 8 10 11 12 14 | 14.8
Stealth        | 6 7 8 9 11 13 14 16 | 16.8
Dodging        | 3 5 7 |  7.7
Fighting       | 4 5 6 7 |  7.4
Throwing       | 4 5 |  5.0
Spellcasting   | 1 3 |  3.1
Hexes          | 1 3 4 |  4.6
Evocations     | 3 4 |  4.3

Action                   |  1- 3 |  4- 6 |  7- 9 | 10-12 || total
-------------------------+-------+-------+-------+-------++-------
Melee: Dagger            |    80 |   179 |   295 |   723 ||  1277
       Punch             |     1 |     1 |     9 |    13 ||    24
Throw: Dart              |       |     1 |     1 |    25 ||    27
 Cast: Ensorcelled Hiber |       |       |       |     8 ||     8
Evoke: Wand              |       |       |       |     2 ||     2
  Use: Scroll            |       |     9 |     8 |     9 ||    26
       Potion            |       |       |     1 |     7 ||     8
 Stab: Sleeping          |    13 |    28 |    27 |    24 ||    92
       Distracted        |       |       |     3 |    13 ||    16
       Invisible         |       |       |     1 |       ||     1
Armor: Robe              |     8 |    21 |    22 |    39 ||    90
       Leather armour    |       |       |       |    26 ||    26
Dodge: Dodged            |    36 |    87 |   194 |   618 ||   935
